 Dungeon Crawl Stone Soup version 0.17.1-1-g73c8601 (webtiles) character file.

85 Laerick the Sneak (level 4, -5/33 HPs)
             Began as a Vampire Assassin on Dec 29, 2015.
             Slain by androgeny's ghost (12 damage)
             ... on level 3 of the Dungeon.
             The game lasted 00:27:17 (2422 turns).

Laerick the Sneak (Vampire Assassin)                Turns: 2422, Time: 00:27:17

Health: -5/33      AC:  0    Str:  5    XL:     4   Next: 25%
Magic:  2/4        EV: 19    Int: 13    God:
Gold:   192        SH:  0    Dex: 21    Spells: 0 memorised, 3 levels left

rFire  . . .     SeeInvis +     (weapon currently unavailable)
rCold  . . .     Clarity  .     (armour currently unavailable)
rNeg   + . .     SustAt   .     (shield currently unavailable)
rPois  .         Gourm    .     (helmet currently unavailable)
rElec  .         Spirit   .     (cloak currently unavailable)
rCorr  .         Warding  .     (gloves currently unavailable)
rMut   .         Stasis   .     (boots currently unavailable)
MR     .....                    (no amulet)
Stlth  +++++.....               (ring currently unavailable)
                                (ring currently unavailable)

@: bat-form, flying, very quick, not resistant to hostile enchantments, quite
stealthy
A: (fangs 0), see invisible, (unbreathing)
a: End Transformation


You were on level 3 of the Dungeon.
You were not thirsty.
You were in vampire-bat-form.
You visited 1 branch of the dungeon, and saw 3 of its levels.

You collected 192 gold pieces.

Inventory:

Hand Weapons
 a - a +2 dagger (melded)
 b - a +1 blowgun
 u - a +1 dagger of protection
Missiles
 f - 2 curare-tipped needles
 j - 5 javelins (quivered)
Armour
 c - a +0 leather armour (melded)
 d - a +0 cloak (melded)
 v - a +0 pair of gloves (melded)
Jewellery
 l - an uncursed ring of protection from fire {unknown}
Scrolls
 h - 2 scrolls of noise {unknown}
Potions
 g - 20 potions of blood
 n - a potion of cure mutation {unknown}
 o - a potion of might {unknown}
 p - a potion of degeneration {unknown}
 t - a potion of poison {unknown}


   Skills:
 + Level 2.0 Fighting
 + Level 2.6 Short Blades
 + Level 2.2 Throwing
 + Level 1.5 Dodging
 + Level 7.3 Stealth


You had 3 spell levels left.
You didn't know any spells.

Dungeon Overview and Level Annotations

Branches:
Dungeon (3/15)

Altars:

Annotations:
D:3 androgeny's ghost, novice FoFi


Innate Abilities, Weirdness & Mutations

((You have razor-sharp teeth.))
You have supernaturally acute eyesight.
((You can survive without breathing.))


Message History

You hit androgeny's ghost but do no damage.
Androgeny's ghost is lightly damaged.
Androgeny's ghost hits you.
You barely miss androgeny's ghost.
You bite androgeny's ghost, but do no damage.
Androgeny's ghost is lightly damaged.
Androgeny's ghost hits you.
You hit androgeny's ghost but do no damage.
Androgeny's ghost closely misses you.
You hit androgeny's ghost but do no damage.
Androgeny's ghost hits you.
You hit androgeny's ghost but do no damage.
Your bite misses androgeny's ghost. Androgeny's ghost hits you!
* * * LOW HITPOINT WARNING * * *
You turn into a vampire bat.
Your +2 dagger melds into your body.
Your +0 cloak melds into your body.
Your +0 pair of gloves melds into your body.
Your +0 leather armour melds into your body.
Androgeny's ghost hits you!
You die...

### #.## #.. #W# ## #b# .
#.#.#
################.#.#####
........................
.##......#######.#.#########
..#......#### #.#.##......#
.......)....# #.# ##.####.#
..#......##.# #.# #.# #.#
..#.........# #.# #.# #.#


You could see androgeny's ghost.

Vanquished Creatures
  3 adders
  2 worms
  A giant gecko (D:2)
  An orc (D:3)
  3 giant cockroaches
  6 hobgoblins
  4 jackals (D:1)
  3 kobolds
  2 quokkas
  5 bats
  4 giant newts
  14 goblins
  5 rats
53 creatures vanquished.

Notes
Turn   | Place    | Note
--------------------------------------------------------------
     0 | D:1      | Laerick the Vampire Assassin began the quest for the Orb.
     0 | D:1      | Reached XP level 1. HP: 16/16 MP: 1/1
    69 | D:1      | Reached skill level 6 in Stealth
   126 | D:1      | Reached XP level 2. HP: 16/22 MP: 2/2
   954 | D:2      | Reached XP level 3. HP: 27/27 MP: 3/3
  1406 | D:2      | Reached skill level 7 in Stealth
  1651 | D:3      | Reached XP level 4. HP: 33/33 MP: 4/4
  2064 | D:3      | Noticed androgeny's ghost (novice FoFi)
  2422 | D:3      | Slain by androgeny's ghost

Action                   |  1- 3 |  4- 6 || total
-------------------------+-------+-------++-------
Melee: Dagger            |    42 |    10 ||    52
 Fire: Blowgun           |    36 |    14 ||    50
Throw: Javelin           |     1 |     7 ||     8
 Abil: Bat Form          |       |     2 ||     2
       End Transformatio |       |     1 ||     1
  Use: Potion            |     4 |       ||     4
       Scroll            |     5 |     2 ||     7
 Stab: Sleeping          |    24 |     3 ||    27
       Distracted        |     1 |       ||     1
  Eat: Corpse            |     4 |     1 ||     5
